 Dungeon Crawl Stone Soup version 0.29.0-11-gd7f09526c8 (webtiles) character file.

Game seed: 9115770815409943149

2421 Ge0ff the Slicer (level 9, -1/76 HPs)
             Began as a Vampire Abyssal Knight on Sept 4, 2022.
             Was an Elder of Lugonu.
             Slain by an orc
             ... wielding a +0 flail
              (4 damage)
             ... while paralysed by a hornet
             ... on level 7 of the Dungeon.
             The game lasted 00:15:01 (5351 turns).

Ge0ff the Slicer (Vampire Abyssal Knight)           Turns: 5351, Time: 00:15:01

Health: -1/76      AC:  8    Str: 12    XL:     9   Next: 24%
Magic:  11/11      EV:  2    Int: 12    God:    Lugonu [****..]
Gold:   278        SH:  0    Dex: 19    Spells: 8/8 levels left

rFire   + . .      SeeInvis +   a - +6 quick blade
rCold   + . .      Faith    .   (no shield)
rNeg    . . .      Spirit   .   J - +2 leather armour {Will+}
rPois   .          Reflect  .   Q - +1 helmet
rElec   +          Harm     .   L - +0 cloak
rCorr   .          Rampage  .   (no gloves)
Will    +....                   (no boots)
Stlth   ++........              G - amulet of regeneration
HPRegen 1.22/turn               I - ring "Gankia" {Drain rElec rF+ rC+ SInv, =R}
MPRegen 0.12/turn               (no ring)

@: paralysed, lethally poisoned (-1 -> -4), healing quickly, slowed
A: alive, fangs 3, see invisible, vampiric 2
a: Exsanguinate, Renounce Religion, Depart the Abyss, Bend Space, Banish,
Corrupt


You were on level 7 of the Dungeon.
You worshipped Lugonu.
Lugonu was greatly pleased with you.
You visited 1 branch of the dungeon, and saw 7 of its levels.
You visited the Abyss 1 time.

You collected 278 gold pieces.

Inventory:

Hand Weapons
 a - a +6 quick blade (weapon)
Missiles
 c - 3 javelins
 f - 24 stones (quivered)
 g - 2 throwing nets {=F}
 U - 7 poisoned darts
Armour
 H - +0 steam dragon scales
 J - a +2 leather armour of willpower (worn)
 L - a +0 cloak (worn)
 Q - a +1 helmet (worn)
Jewellery
 G - an amulet of regeneration (around neck)
 I - the ring "Gankia" (left hand) {Drain rElec rF+ rC+ SInv, =R}
   (You took it off Maggie on level 6 of the Dungeon)

   [ring of protection from cold]

   rF:        It protects you from fire.
   rC:        It protects you from cold.
   rElec:     It insulates you from electricity.
   SInv:      It lets you see invisible.
   Drain:     It drains your maximum health when unequipped.
Wands
 d - a wand of digging (2)
 s - a wand of mindburst (7)
Scrolls
 m - 2 scrolls of magic mapping
 y - 2 scrolls of immolation
 B - a scroll of blinking
 T - a scroll of teleportation
 V - 3 scrolls of vulnerability
 Z - a scroll of enchant armour
Potions
 e - a potion of berserk rage {unknown}
 j - a potion of brilliance {unknown}
 q - 4 potions of curing
 K - a potion of magic {!q}
 M - a potion of cancellation {unknown}
 N - a potion of lignification {unknown}
 O - 3 potions of heal wounds {unknown}
 P - 4 potions of flight {unknown}
 R - a potion of resistance
 S - 3 potions of might {unknown}
 W - a potion of attraction {unknown}
 X - a potion of degeneration {unknown}


   Skills:
 - Level 9.0 Fighting
 + Level 11.2 Short Blades
 - Level 2.0 Armour
 - Level 3.0 Dodging
 - Level 3.0 Stealth
 + Level 3.1 Invocations
 + Level 4.5 Evocations


You had 8 spell levels left.
You didn't know any spells.
Your spell library contained the following spells:

 Spells                   Type           Power      Damage    Failure   Level
 Magic Dart               Conj           0%         1d3       38%         1
 Call Imp                 Summ           0%         N/A       54%         2
 Ignite Poison            Fire/Tmut/Pois 0%         N/A       77%         3
 Mephitic Cloud           Conj/Pois/Air  0%         N/A       77%         3
 Freezing Cloud           Conj/Ice/Air   0%         6-21      100%        5


Dungeon Overview and Level Annotations

Branches:
Dungeon (7/15) Zot: 26833  Temple (0/1) D:5

Altars:
Kikubaaqudgha
Trog


Innate Abilities, Weirdness & Mutations

Your natural rate of healing is accelerated.
You have razor-sharp teeth.
You have supernaturally acute eyesight. (SInv)
You are afflicted with vampirism and can become a bat while bloodless.


Message History

Use which ability? (? or * to list)
Press: ? - help, Shift-Dir - straight line, f/p - hornet
Aim: a hornet (moderately wounded, chance to affect: 74%)
You fail to use your ability.
You feel very sick.
The hornet stings you but does no damage.
The hornet closely misses you.
Use which ability? (? or * to list)
Press: ? - help, Shift-Dir - straight line, f/p - hornet
Aim: a hornet (moderately wounded, chance to affect: 74%)
You fail to use your ability.
You feel sick. The hornet closely misses you. The hornet stings you!
You feel as though you will be slow longer.
Use which ability? (? or * to list)
Press: ? - help, Shift-Dir - straight line, f/p - hornet
Aim: a hornet (moderately wounded, chance to affect: 74%)
You fail to use your ability.
You feel sick. The hornet stings you.
You feel as though you will be slow longer.
The hornet stings you.
You feel as though you will be slow longer.
The hornet barely misses you.
Use which ability? (? or * to list)
Press: ? - help, Shift-Dir - straight line, f/p - hornet
Aim: a hornet (moderately wounded, chance to affect: 74%)
You fail to use your ability.
You feel sick. The hornet closely misses you.
The hornet stings you but does no damage.
Use which ability? (? or * to list)
Press: ? - help, Shift-Dir - straight line, f/p - hornet
Aim: a hornet (moderately wounded, chance to affect: 74%)
You fail to use your ability.
You feel sick.
You are no longer poisoned.
The hornet misses you. The hornet stings you!
* * * LOW HITPOINT WARNING * * *
You feel as though you will be slow longer.
The orc shouts!
Use which ability? (? or * to list)
Press: ? - help, Shift-Dir - straight line, f/p - hornet
Aim: a hornet (moderately wounded, chance to affect: 74%)
You fail to use your ability.
The hornet misses you. The hornet stings you!
* * * LOW HITPOINT WARNING * * *
You are poisoned.
You feel as though you will be slow longer.
You feel better. The hornet stings you!
* * * LOW HITPOINT WARNING * * *
You are poisoned.
You suddenly lose the ability to move!
The hornet stings you.
* * * LOW HITPOINT WARNING * * *
You feel as though you will be slow longer.
The orc hits you with a +0 flail.
You die...

....##..o.....#
...............#
#..............#
#..........$...#
#..............#
#..............#
#....##........#
#######...o##........#
...........@y.........
...........##........#
..............(....###
)..........#######.#
######.....##...##.#
###.....##...##.#
#............##.#
#............##.#
#...........###.#


You could see a hornet and an orc.

Vanquished Creatures
  Maggie (D:6)
  Grinder (D:3)
  Sigmund (D:6)
  A black bear (D:4)
  A sky beast (D:6)
  2 phantoms
  A kobold brigand (D:5)
  A gnoll sergeant (D:4)
  2 scorpions
  A bullfrog (D:7)
  3 wights
  A howler monkey (D:5)
  3 hounds
  2 jellies (D:6)
  4 iguanas
  2 orc wizards (D:6)
  7 gnolls
  2 adders
  2 shadow imps
  4 white imps
  An ufetubus (D:6)
  4 worms
  3 dart slugs
  10 orcs
  4 endoplasms
  A giant cockroach (D:3)
  5 goblins
  11 hobgoblins
  2 jackals (D:1)
  7 quokkas
  7 ball pythons
  4 bats
  3 frilled lizards
  8 kobolds
  A rat (D:3)
  A spectral goblin (D:1)
114 creatures vanquished.

Notes
Turn   | Place    | Note
-------+----------+-------------------------------------------
     0 | Abyss:1  | Ge0ff the Vampire Abyssal Knight began the quest for the
                  | Orb.
     0 | Abyss:1  | Reached XP level 1. HP: 17/17 MP: 2/2
     1 | D:1      | Escaped the Abyss
     1 | D:1      | Found a transporter.
    46 | D:1      | Reached skill level 1 in Stealth
   153 | D:1      | Reached XP level 2. HP: 23/23 MP: 3/3
   571 | D:1      | Found a faded altar of an unknown god.
   654 | D:1      | Gained mutation: You are afflicted with vampirism and can
                  | become a bat while bloodless. [Vampire growth]
   654 | D:1      | Reached XP level 3. HP: 23/29 MP: 4/4
   691 | D:1      | Reached *** piety under Lugonu
   813 | D:2      | You fall into a shaft and drop 1 floor!
   833 | D:3      | Noticed Grinder
   856 | D:3      | Killed Grinder
   857 | D:3      | Reached skill level 4 in Short Blades
   857 | D:3      | Reached XP level 4. HP: 36/37 MP: 5/5
   857 | D:3      | Reached XP level 5. HP: 41/42 MP: 6/6
   898 | D:3      | Found an ancient bone altar of Kikubaaqudgha.
   952 | D:3      | Reached XP level 6. HP: 33/48 MP: 7/7
  2076 | D:4      | Reached **** piety under Lugonu
  2110 | D:4      | Reached skill level 5 in Short Blades
  2252 | D:4      | Reached skill level 10 in Short Blades
  2252 | D:4      | Reached XP level 7. HP: 64/64 MP: 8/8
  2937 | D:5      | Entered Level 5 of the Dungeon
  2965 | D:5      | Reached skill level 1 in Armour
  2965 | D:5      | Reached XP level 8. HP: 59/71 MP: 9/9
  3162 | D:5      | Identified a scroll of acquirement
  3162 | D:5      | Acquired a +4 quick blade
  3552 | D:5      | Found a bloodstained altar of Trog.
  4050 | D:5      | Found a staircase to the Ecumenical Temple.
  4128 | D:6      | Noticed Maggie
  4181 | D:6      | Noticed Sigmund
  4227 | D:6      | Killed Sigmund
  4339 | D:5      | Reached skill level 11 in Short Blades
  4688 | D:6      | Reached XP level 9. HP: 71/72 MP: 10/10
  4810 | D:6      | Identified the ring "Gankia" {Drain rElec rF+ rC+ SInv}
  4815 | D:6      | Killed Maggie
  5351 | D:7      | Paralysed by a hornet for 3 turns
  5351 | D:7      | HP: 3/76 [hornet (2)]
  5351 | D:7      | Slain by an orc

Illustrated notes

Levels and vault maps discovered:
D:1:      spicycebolla_arrival_risky_transporter, layout_loops_ring,
          dreamdust_ecumenical_altar_drowned_temple
D:2:      layout_rooms
D:3:      layout_rooms, mainiacjoe_overflow_surrounded_room, uniq_grinder
D:4:      layout_cave_pools
D:5:      layout_loops_corners, mainiacjoe_overflow_chevrons,
          minmay_temple_entry_drinking_statues,
          nicolae_concentric_dashed_squares_mild
D:6:      layout_rooms, grunt_decor_cap, uniq_sigmund, uniq_maggie
D:7:      layout_basic

Skill      XL: |  1  2  3  4  5  6  7  8  9 |
---------------+----------------------------+-----
Stealth        | 2 3 |  3.0
Fighting       | 3 4 9 |  9.0
Short Blades   | 4 10 11 | 11.2
Evocations     | 2 3 4 |  4.5
Armour         | 1 2 |  2.0
Invocations    | 2 3 |  3.1
Dodging        | 3 |  3.0

Action                   |  1- 3 |  4- 6 |  7- 9 || total
-------------------------+-------+-------+-------++-------
Melee: Short sword       |    72 |   189 |    86 ||   347
       Bite              |     7 |    13 |    51 ||    71
       Punch             |     1 |     5 |     2 ||     8
       Quick blade       |       |       |   239 ||   239
Throw: Javelin           |     7 |     4 |       ||    11
       Stone             |     1 |    11 |     4 ||    16
Invok: Bend Space        |       |       |     1 ||     1
Evoke: Wand              |     4 |       |     6 ||    10
  Use: Scroll            |     2 |     9 |     5 ||    16
       Potion            |       |     1 |     1 ||     2
 Stab: Sleeping          |     2 |       |     5 ||     7
Armor: Leather armour    |    12 |    45 |    21 ||    78
       Scale mail        |       |       |    19 ||    19
Dodge: Dodged            |    39 |   120 |    74 ||   233
